 Dungeon Crawl Stone Soup version 0.31-a0-66-ge618eeaa78 (webtiles) character file.

Game seed: 7884839964365242230

21 lunkers the Cudgeller (level 3, 0/29 HPs)
             Began as a Meteoran Warper on May 22, 2023.
             Slain by a kobold
             ... wielding a +0 dagger
              (1 damage)
             ... on level 2 of the Dungeon.
             The game lasted 00:00:58 (446 turns).

lunkers the Cudgeller (Meteoran Warper)              Turns: 446, Time: 00:00:58

Health: 0/29       AC:  3    Str: 15    XL:     3   Next: 17%
Magic:  8/8        EV:  9    Int: 14    God:
Gold:   53         SH:  0    Dex: 13    Spells: 7/7 levels left

rFire   . . .        a - +0 mace
rCold   . . .        (no shield)
rNeg    . . .        b - +0 leather armour
rPois   .            (no helmet)
rElec   .            (no cloak)
rCorr   .            (no gloves)
SInv    .            (no boots)
Will    .....        (no amulet)
Stlth   +            (no ring)
HPRegen 0.24/turn    (no ring)
MPRegen 0.11/turn

%: no passive effects
@: glowing, constricted
A: sense surroundings 1, otherworldly, glowing, explore regen
a: no special abilities


You were on level 2 of the Dungeon.
You visited 1 branch of the dungeon, and saw 2 of its levels.

You collected 53 gold pieces.

Inventory:

Hand Weapons
 a - a +0 mace (weapon)
Missiles
 d - 7 boomerangs of dispersal
Armour
 b - a +0 leather armour (worn)
Scrolls
 c - a scroll of blinking
 f - a scroll of enchant armour {unknown}
 g - a scroll of summoning {unknown}
Potions
 e - a potion of cancellation {unknown}


   Skills:
 - Level 2.1 Fighting
 + Level 4.4 Maces & Flails
 - Level 1.2 Throwing
 - Level 1.2 Armour
 - Level 2.4 Dodging
 - Level 2.6 Spellcasting
 - Level 3.6 Translocations


You had 7 spell levels left.
You didn't know any spells.
Your spell library contained the following spells:

 Spells                   Type           Power      Damage    Failure   Level
 Blink                    Tloc           24%        N/A       10%         2
 Lesser Beckoning         Tloc           24%        N/A       10%         2
 Teleport Other           Tloc           12%        N/A       19%         3
 Vhi's Electric Charge    Tloc/Air       12%        N/A       41%         3
 Manifold Assault         Tloc           12%        N/A       52%         4


Dungeon Overview and Level Annotations

Branches:
Dungeon (2/15) Zot: 737

Altars:


Innate Abilities, Weirdness & Mutations

You passively map a small area around you.
You are easily found by Zot.
You glow in the dark.
You regain HP and MP as you explore.


Message History

The bat closely misses you. The ball python barely misses you.
The ball python constricts you.
* * * LOW HITPOINT WARNING * * *
The kobold hits you with a +0 dagger.
* * * LOW HITPOINT WARNING * * *
The kobold completely misses you.
You barely miss the kobold.
The kobold is moderately wounded.
The bat hits you but does no damage.
The ball python bites you but does no damage.
The ball python constricts you. The bat hits you.
* * * LOW HITPOINT WARNING * * *
The kobold hits you with a +0 dagger.
* * * LOW HITPOINT WARNING * * *
The kobold closely misses you. The ball python barely misses you.
The ball python constricts you.
You hit the kobold but do no damage.
The kobold is moderately wounded.
The bat hits you but does no damage. The kobold hits you but does no damage.
The ball python barely misses you. The ball python constricts you.
* * * LOW HITPOINT WARNING * * *
The kobold hits you with a +0 dagger.
* * * LOW HITPOINT WARNING * * *
You closely miss the kobold.
The kobold is moderately wounded.
The bat hits you.
* * * LOW HITPOINT WARNING * * *
The ball python bites you.
* * * LOW HITPOINT WARNING * * *
The ball python constricts you.
* * * LOW HITPOINT WARNING * * *
The bat hits you.
* * * LOW HITPOINT WARNING * * *
The kobold hits you with a +0 dagger.
* * * LOW HITPOINT WARNING * * *
The kobold barely misses you. The ball python barely misses you.
The ball python constricts you.
* * * LOW HITPOINT WARNING * * *
The kobold hits you but does no damage. The kobold hits you with a +0 dagger.
You die...

, , * #.#.#.#
, #.#.#.# *
#.#.#.# * .
##.#.#.#####.#
#............,
**
#...?.......
#......S####.#
,
#.....@K.$...#
#..<.b.K######
#.......#
#.......#
#########


You could see a bat, a ball python and 2 kobolds.

Vanquished Creatures
  4 ball pythons (D:1)
  A bat (D:1)
  3 endoplasms (D:1)
  2 goblins (D:1)
  6 hobgoblins
  A kobold (D:1)
17 creatures vanquished.

Notes
Turn   | Place    | Note
-------+----------+-------------------------------------------
     0 | D:1      | lunkers the Meteoran Warper began the quest for the Orb.
     0 | D:1      | Reached XP level 1. HP: 17/17 MP: 5/5
    78 | D:1      | Reached skill level 3 in Maces & Flails
   142 | D:1      | Reached XP level 2. HP: 24/24 MP: 6/6
   296 | D:1      | Reached skill level 4 in Maces & Flails
   351 | D:1      | Reached XP level 3. HP: 12/29 MP: 8/8
   446 | D:2      | HP: 1/29 [constriction (1)]
   446 | D:2      | Slain by a kobold

Illustrated notes

Levels and vault maps discovered:
D:1:      dpeg_arrival_round_a, layout_loops_ring
D:2:      minmay_chambers_of_twos, layout_loops_ring, minmay_tripent

Skill      XL: |  1  2 |
---------------+-------+-----
Maces & Flails | 3 4 |  4.4
Fighting       | |  2.1
Throwing       | |  1.2
Armour         | |  1.2
Dodging        | |  2.4
Spellcasting   | |  2.6
Translocations | |  3.6

Action                     || total
---------------------------++-------
  Melee: Mace              ||    72
 Armour: Leather armour    ||    30
  Dodge: Dodged            ||    48

Table legend: (Time is in decaauts)
 A = Elapsed time spent in this place.
 B = Non-inter-level travel time spent in this place.
 C = Inter-level travel time spent in this place.
 D = Time resting spent in this place.
 E = Time spent auto-exploring this place.
 F = Levels seen in this place.
 G = Mean time per level.
                   A        B        C        D        E       F      G
               +--------+--------+--------+--------+--------+-----+--------+
         Total |    461 |    414 |     47 |      0 |    272 |   2 |  230.5 |
       Dungeon |    461 |    414 |     47 |      0 |    272 |   2 |  230.5 |
               +--------+--------+--------+--------+--------+-----+--------+

Top non-repeatable levels by time:
     D:1: 445 daAuts
     D:2: 15 daAuts
